 Dungeon Crawl Stone Soup version 0.19.1 (webtiles) character file.

3857 Gargo the Geomancer (level 10, 0/56 HPs)
             Began as a Gargoyle Earth Elementalist on Dec 5, 2016.
             Was an Initiate of Vehumet.
             Slain by an orc warrior
             ... wielding a +0 battleaxe
              (22 damage)
             ... on level 8 of the Dungeon.
             The game lasted 00:48:22 (8039 turns).

Gargo the Geomancer (Gargoyle Earth Elementalist)   Turns: 8039, Time: 00:48:22

Health: 0/56       AC: 14    Str: 12    XL:     10   Next: 18%
Magic:  0/22       EV: 13    Int: 18    God:    Vehumet [......]
Gold:   118        SH:  0    Dex: 10    Spells: 4 memorised, 13 levels left

rFire  . . .     SeeInvis .     b - 142 stones
rCold  . . .     Gourm    .     r - +2 robe {MR+}
rNeg   + . .     Faith    .     (no shield)
rPois  ∞         Spirit   .     (no helmet)
rElec  +         Reflect  .     s - +1 cloak
rCorr  .         Harm     .     C - +0 pair of gloves
MR     +....                    (no boots)
Stlth  ++........               u - amulet of inaccuracy (curse)
                                t - +2 ring of intelligence
                                x - -3 ring of intelligence (curse)

@: no status effects
A: negative energy resistance 1, electricity resistance, unbreathing,
petrification resistance, rot immunity, AC +7
a: Renounce Religion


You were on level 8 of the Dungeon.
You worshipped Vehumet.
Vehumet was noncommittal.
You were hungry.

You visited 2 branches of the dungeon, and saw 9 of its levels.

You collected 418 gold pieces.
You spent 300 gold pieces at shops.

Inventory:

Hand Weapons
 a - a +7 dire flail of protection
 j - a +1 dagger of speed
 z - the +7 Singing Sword
   (You found it on level 7 of the Dungeon)
 A - a -3 mace of draining
Missiles
 b - 142 stones (in hand)
Armour
 g - a +0 cloak
 r - a +2 robe of magic resistance (worn)
 s - a +1 cloak (worn)
 C - a +0 pair of gloves (worn)
Magical Staves
 E - an uncursed staff of death
Jewellery
 h - an uncursed amulet of magic regeneration
 t - a +2 ring of intelligence (right hand)
 u - a cursed amulet of inaccuracy (around neck)
 x - a cursed -3 ring of intelligence (left hand)
 y - a +3 ring of dexterity
 D - an uncursed ring of resist corrosion
Wands
 m - a wand of random effects (17/48)
 G - a wand of slowing (14/48)
Scrolls
 c - 5 scrolls of identify
 o - 2 scrolls of teleportation
 p - 2 scrolls of magic mapping
Potions
 d - a potion of lignification
 e - 4 potions of curing {unknown}
 f - a potion of haste
 l - 2 potions of heal wounds
 q - 2 potions of flight
Books
 n - a book of Cantrips

   Spells                             Type                      Level
   a - Confusing Touch                Hexes                        1
   b - Animate Skeleton               Necromancy                   1
   c - Summon Small Mammal            Summoning                    1
   d - Apportation                    Translocation                1
 v - a book of Minor Magic

   Spells                             Type                      Level
   a - Magic Dart                     Conjuration                  1
   b - Blink                          Translocation                2
   c - Call Imp                       Summoning                    2
   d - Repel Missiles                 Charms/Air                   2
   e - Slow                           Hexes                        2
   f - Conjure Flame                  Conjuration/Fire             3
   g - Mephitic Cloud                 Conjuration/Poison/Air       3
Comestibles
 i - a meat ration
 k - a bread ration


   Skills:
 + Level 3.7 Fighting
 + Level 2.6 Maces & Flails
 + Level 3.7 Armour
 + Level 3.2 Dodging
 - Level 2.1 Stealth
 * Level 8.1 Spellcasting
 + Level 6.1 Conjurations
   Level 0.7 Transmutations
 + Level 0.6 Fire Magic
 + Level 8.3 Earth Magic
 + Level 2.9 Evocations


You had 13 spell levels left.
You knew the following spells:

 Your Spells              Type           Power        Failure   Level  Hunger
a - Sandblast             Erth           #####.       1%          1    None
b - Lee's Rapid Deconstr  Erth           #####.....   12%         5    #####..
c - Conjure Flame         Conj/Fire      ###.....     10%         3    #......
A - Stone Arrow           Conj/Erth      ####..       1%          3    #......


Dungeon Overview and Level Annotations

Branches:
Dungeon (8/15)             Temple (1/1) D:4
   Lair: D:8-11

Altars:
Ashenzari
Cheibriados
Dithmenos
Elyvilon
Fedhas
Gozag
Hepliaklqana
Kikubaaqudgha
Makhleb
Nemelex Xobeh
Okawaru
Qazlal
Ru
Trog
Uskayaw
Vehumet
Xom
Yredelemnul
Zin
The Shining One
Lugonu

Shops:
D:2 *   D:5 :


Innate Abilities, Weirdness & Mutations

You are resistant to torment.
Your stone body is resilient. (AC +7)
You are immune to poison.
You resist negative energy. (rN+)
You are resistant to electric shocks. (rElec)
You can survive without breathing.
You are immune to petrification.
You are immune to rotting.


Message History

The orc wizard shouts!
The orc warrior hits you with a battleaxe!!
Found a meat ration.
Found a stone staircase leading down.
Casting: Stone Arrow
Confirm with . or Enter, or press ? or * to list all spells.
Aiming: Stone Arrow
Press: ? - help, Shift-Dir - straight line, f/p - orc warrior
Aim: an orc warrior, wielding a battleaxe and wearing a plate armour (lightly wounded)
The stone arrow hits the orc warrior.
The orc warrior is severely wounded.
Casting: Stone Arrow
Confirm with . or Enter, or press ? or * to list all spells.
Aiming: Stone Arrow
Press: ? - help, Shift-Dir - straight line, f/p - orc warrior
Aim: an orc warrior, wielding a battleaxe and wearing a plate armour (severely wounded)
The stone arrow misses the orc warrior.
The stone arrow hits the wight.
The wight is moderately damaged.
The wight hits you but does no damage.
The orc warrior hits you with a battleaxe!!
You die...

#..oz.....).....
#oo#z.##z......##
# #.##
.........o.##.#
#..
###.....o....#
#.# #######)##.#
#.# #z# #..####
#z# ....... #o# #
#@# #
#.>........... #
.%......#..####
#########..# .#
.# #


You could see an orc warrior, 2 wights and 2 orc wizards.

Vanquished Creatures
  The ghost of Quirk the Cleaver, a novice MiFi of Okawaru (D:6)
  The ghost of Philogelos the Cudgeler, a novice GrBe of Trog (D:4)
  Sigmund (D:2)
  A hungry ghost (D:6)
  Menkaure (D:7)
  A sky beast (D:7)
  A phantom (D:7)
  4 ice beasts
  4 ogres
  4 centaurs
  Blork the orc (D:4)
  A bullfrog (D:7)
  8 scorpions
  A wyvern skeleton (D:6)
  3 wights (D:8)
  3 howler monkeys
  2 crimson imps
  3 hounds
  A bullfrog skeleton (D:6)
  A jelly (D:6)
  An orc wizard (D:5)
  An orc priest (D:3)
  A centaur skeleton (D:6)
  Ijyb (D:2)
  Jessica (D:2)
  5 worker ants
  A hound skeleton (D:6)
  13 adders
  A shadow imp (D:7)
  An ooze (D:1)
  3 adder skeletons
  3 worms (D:2)
  A dart slug (D:1)
  A leopard gecko (D:5)
  19 orcs
  14 bats
  5 giant cockroaches
  12 goblins
  14 hobgoblins
  10 jackals
  4 quokkas
  A ball python (D:3)
  6 frilled lizards
  2 gnoll zombies (D:7)
  A jackal skeleton (D:5)
  8 kobolds
  A leopard gecko skeleton (D:6)
  A leopard gecko zombie (D:5)
  A quokka skeleton (D:6)
  9 rats
  2 demonic plants (Temple)
187 creatures vanquished.

Vanquished Creatures (others)
  4 fungi (D:7)
4 creatures vanquished.

Grand Total: 191 creatures vanquished

Notes
Turn   | Place    | Note
-------+----------+-------------------------------------------
     0 | D:1      | Gargo the Gargoyle Earth Elementalist began the quest for the Orb.
     0 | D:1      | Reached XP level 1. HP: 10/10 MP: 3/3
   113 | D:1      | Reached XP level 2. HP: 15/15 MP: 2/5
   176 | D:2      | Noticed Sigmund
   605 | D:1      | Reached XP level 3. HP: 15/19 MP: 0/7
   610 | D:1      | Learned a level 3 spell: Stone Arrow
  1191 | D:2      | Reached XP level 4. HP: 16/24 MP: 2/8
  1329 | D:2      | Noticed Jessica
  1331 | D:2      | Killed Jessica
  1331 | D:2      | Reached skill level 1 in Conjurations
  1550 | D:2      | Noticed Ijyb
  1555 | D:2      | Killed Ijyb
  1555 | D:2      | Reached XP level 5. HP: 28/28 MP: 3/10
  1883 | D:2      | Killed Sigmund
  1883 | D:2      | Reached skill level 5 in Earth Magic
  1883 | D:2      | Reached XP level 6. HP: 18/32 MP: 2/12
  2128 | D:2      | Found Zin's Purification Station.
  2139 | D:2      | Found a glowing silver altar of Zin.
  2251 | D:2      | Learned a level 5 spell: Lee's Rapid Deconstruction
  3261 | D:5      | Entered Level 5 of the Dungeon
  3307 | D:6      | Reached skill level 5 in Spellcasting
  3307 | D:6      | Reached XP level 7. HP: 24/36 MP: 4/14
  3712 | D:4      | Noticed Philogelos's ghost (novice GrBe)
  3713 | D:4      | Found a shimmering altar of Xom.
  3713 | D:4      | Noticed Blork the orc
  3714 | D:4      | Found a stormy altar of Qazlal.
  3714 | D:4      | Found a staircase to the Ecumenical Temple.
  3714 | D:4      | Found a blossoming altar of Fedhas.
  4335 | D:4      | Killed Blork the orc
  4513 | D:4      | Found a glowing golden altar of the Shining One.
  4513 | D:4      | Found an opulent altar of Gozag.
  4513 | D:4      | Found a white marble altar of Elyvilon.
  4513 | D:4      | Found a shadowy altar of Dithmenos.
  4514 | D:4      | Found a shattered altar of Ashenzari.
  4565 | Temple   | Entered the Ecumenical Temple
  4951 | D:4      | Killed Philogelos's ghost
  4951 | D:4      | Reached XP level 8. HP: 15/41 MP: 2/17
  5229 | D:5      | Found an ancient bone altar of Kikubaaqudgha.
  5540 | D:6      | Reached skill level 5 in Conjurations
  5731 | D:5      | Reached skill level 1 in Fighting
  5784 | D:5      | Reached skill level 1 in Evocations
  5919 | D:5      | Reached skill level 1 in Maces & Flails
  5959 | D:5      | Found Kayst's Book Boutique.
  6046 | D:6      | Reached skill level 1 in Armour
  6046 | D:6      | Reached XP level 9. HP: 47/47 MP: 12/19
  6094 | D:6      | Noticed Quirk's ghost (novice MiFi)
  6107 | D:6      | Killed Quirk's ghost
  6750 | D:7      | Noticed Menkaure
  6755 | D:7      | Killed Menkaure
  6962 | D:7      | Reached XP level 10. HP: 56/56 MP: 14/21
  7062 | D:7      | Found a basalt altar of Yredelemnul.
  7254 | D:5      | Bought a book of Minor Magic for 300 gold pieces
  7258 | D:5      | Learned a level 3 spell: Conjure Flame
  7357 | D:7      | Found a radiant altar of Vehumet.
  7360 | D:7      | Became a worshipper of Vehumet
  8039 | D:8      | Slain by an orc warrior

Skill      XL: |  1  2  3  4  5  6  7  8  9 10 |
---------------+-------------------------------+-----
Earth Magic    | 4 5 6 7 8 |  8.3
Spellcasting   | 3 4 5 6 7 8 |  8.1
Conjurations   | 1 2 3 4 5 6 |  6.1
Fighting       | 1 3 |  3.7
Evocations     | 1 2 |  2.9
Dodging        | 2 3 |  3.2
Maces & Flails | 1 2 |  2.6
Armour         | 1 3 |  3.7
Stealth        | |  2.1
Transmutations | |  0.7
Fire Magic     | |  0.6

Action                   |  1- 3 |  4- 6 |  7- 9 | 10-12 || total
-------------------------+-------+-------+-------+-------++-------
Melee: Unarmed           |     3 |       |       |       ||     3
       Club              |    20 |     4 |       |       ||    24
       Dagger            |       |    20 |    25 |       ||    45
       Dire flail        |       |       |    96 |    22 ||   118
 Cast: Sandblast         |    57 |   110 |   154 |    60 ||   381
       Stone Arrow       |       |     5 |    54 |    17 ||    76
Evoke: Wand              |       |       |     1 |       ||     1
  Use: Scroll            |       |     6 |     8 |     1 ||    15
       Potion            |       |       |     1 |       ||     1
 Stab: Sleeping          |     2 |     3 |     2 |     1 ||     8
  Eat: Chunk             |     1 |     7 |    13 |     3 ||    24
       Beef jerky        |       |       |     2 |       ||     2
Armor: Robe              |    21 |    35 |   119 |    38 ||   213
Dodge: Dodged            |    33 |    35 |   157 |    61 ||   286
